 Dungeon Crawl Stone Soup version 0.29.1-12-g30fa7ad0bf (webtiles) character file.

Game seed: 6242254515943381732

793 ThatPearl the Chiller (level 7, -7/59 HPs)
             Began as a Demigod Ice Elementalist on Jan 12, 2023.
             Mangled by an ice beast (9 damage)
             ... on level 5 of the Dungeon.
             The game lasted 00:13:30 (5162 turns).

ThatPearl the Chiller (Demigod Ice Elementalist)    Turns: 5162, Time: 00:13:30

Health: -7/59      AC:  4    Str:  9    XL:     7   Next: 31%
Magic:  13/16      EV: 28    Int: 25    God:
Gold:   376        SH:  0    Dex: 14    Spells: 0/14 levels left

rFire   . . .      SeeInvis .   h - +0 hand axe (flame)
rCold   . . .      Faith    .   (no shield)
rNeg    . . .      Spirit   .   p - +2 robe {Will+}
rPois   .          Reflect  .   (no helmet)
rElec   .          Harm     .   (no cloak)
rCorr   .          Rampage  .   (no gloves)
Will    +....                   (no boots)
Stlth   ++........              f - amulet of the acrobat
HPRegen 0.19/turn               (no ring)
MPRegen 0.15/turn               (no ring)

@: lethally poisoned (-7 -> -9), acrobatic, very slightly contaminated
A: high MP 1, forlorn, divine attributes
a: no special abilities


You were on level 5 of the Dungeon.
You visited 1 branch of the dungeon, and saw 5 of its levels.

You collected 376 gold pieces.

Inventory:

Hand Weapons
 c - a +0 mace
 h - a +0 hand axe of flaming (weapon)
 k - a +0 dagger
 y - a +0 sling
Missiles
 d - 51 stones (quivered)
 u - 2 curare-tipped darts
 C - 4 poisoned darts
Armour
 p - a +2 robe of willpower (worn)
Magical Staves
 l - a staff of death
Jewellery
 f - an amulet of the acrobat (around neck)
 w - a ring of positive energy
Wands
 o - a wand of quicksilver (4)
Scrolls
 a - a scroll of vulnerability {unknown}
 i - 2 scrolls of amnesia {unknown}
 m - 2 scrolls of enchant armour {unknown}
 r - a scroll of fog {unknown}
 t - a scroll of blinking {unknown}
 v - a scroll of silence {unknown}
 A - a scroll of identify
 B - a scroll of teleportation {unknown}
 D - a scroll of poison {unknown}
Potions
 b - a potion of magic
 e - 2 potions of brilliance {unknown}
 g - 5 potions of curing
 j - a potion of lignification {unknown}
 n - 3 potions of invisibility {unknown}
 q - 3 potions of flight
 s - a potion of haste
 x - 2 potions of heal wounds {unknown}
 z - a potion of cancellation {unknown}


   Skills:
 + Level 4.0 Fighting
 + Level 3.0 Dodging
 - Level 1.7 Stealth
 + Level 4.2 Spellcasting
 + Level 5.5 Ice Magic


You couldn't memorise any spells.
You knew the following spells:

 Your Spells              Type           Power      Damage    Failure   Level
a - Ozocubu's Armour      Ice            33%        N/A       2%          3
f - Freeze                Ice            100%       1d11      1%          1
h - Hailstorm             Conj/Ice       19%        3d6       28%         4
r - Frozen Ramparts       Ice            66%        1d10      2%          3
s - Spider Form           Tmut/Pois      5%         N/A       26%         3

Your spell library contained the following spells:

 Spells                   Type           Power      Damage    Failure   Level
 Beastly Appendage        Tmut           10%        N/A       9%          1
 Blink                    Tloc           10%        N/A       14%         2
 Wereblood                Tmut           5%         N/A       14%         2
 Lesser Beckoning         Tloc           5%         N/A       26%         3
 Manifold Assault         Tloc           5%         N/A       94%         5


Dungeon Overview and Level Annotations

Branches:
Dungeon (5/15)
 Temple: D:4-7

Annotations:
D:2 Natasha


Innate Abilities, Weirdness & Mutations

You have an increased reservoir of magic. (+10% MP)
You shall have no god before yourself.
Your divine heritage dramatically boosts your attributes as you level up.


Message History

You pick up a book of Spatial Translocations and begin reading...
You add the spells Blink, Lesser Beckoning and Manifold Assault to your library.
You hit the ice beast.
You melt the ice beast.
The ice beast is lightly wounded.
The ice beast barely misses you.
You barely miss the ice beast.
The ice beast is lightly wounded.
The ice beast closely misses you.
You barely miss the ice beast.
The ice beast is lightly wounded.
The ice beast hits you but does no damage. x2
You hit the ice beast but do no damage.
The ice beast is lightly wounded.
The ice beast closely misses you.
You hit the ice beast but do no damage.
The ice beast is lightly wounded.
The ice beast hits you but does no damage.
You hit the ice beast.
You melt the ice beast.
The ice beast is lightly wounded.
The ice beast hits you. The ice beast freezes you! The ice beast hits you.
The ice beast freezes you!
You closely miss the ice beast.
The ice beast is lightly wounded.
The ice beast misses you. The ice beast attacks as you move away!
The ice beast barely misses you.
Casting: Frozen Ramparts (dangerous; 2% risk of failure)
Confirm with . or Enter, or press ? or * to list all spells.
You miscast Spider Form.
You are very lightly contaminated with residual magic.
You feel rather nauseous for a moment!
You are poisoned.
You feel sick. The ice beast hits you.
* * * LOW HITPOINT WARNING * * *
The ice beast freezes you!
* * * LOW HITPOINT WARNING * * *
You feel sick. The ice beast attacks as you move away! The ice beast hits you.
* * * LOW HITPOINT WARNING * * *
The ice beast freezes you!
You die...

#....#............#
#....#............#
#.................#
#.................#
#.............>....
#..................
#..................
#########...............
.........Y@............
...........>.....#####
.................#
...............(.#
.................#
...!.............#
..........######## ..
..........# #####.###
.........$# #.......


You could see an ice beast.

Vanquished Creatures
  2 ogres (D:4)
  2 phantoms
  A necrophage (D:4)
  3 orc priests
  2 hounds (D:5)
  Jessica (D:2)
  An orc wizard (D:4)
  3 gnolls (D:2)
  10 adders
  An ufetubus (D:4)
  5 worms
  2 dart slugs
  10 orcs
  A ball python (D:1)
  4 endoplasms
  3 giant cockroaches
  9 goblins
  5 hobgoblins
  A quokka (D:1)
  7 bats
  2 frilled lizards
  7 kobolds
  2 rats (D:1)
84 creatures vanquished.

Notes
Turn   | Place    | Note
-------+----------+-------------------------------------------
     0 | D:1      | ThatPearl the Demigod Ice Elementalist began the quest for
                  | the Orb.
     0 | D:1      | Reached XP level 1. HP: 14/14 MP: 5/5
   412 | D:1      | Reached XP level 2. HP: 18/22 MP: 5/7
   520 | D:1      | Reached skill level 1 in Fighting
  1535 | D:2      | Noticed Natasha
  1669 | D:2      | Reached skill level 4 in Ice Magic
  1669 | D:2      | Reached XP level 3. HP: 7/28 MP: 5/9
  1933 | D:1      | Learned a level 3 spell: Frozen Ramparts
  2173 | D:2      | Reached XP level 4. HP: 36/36 MP: 5/10
  2489 | D:2      | Noticed Jessica
  2499 | D:2      | Killed Jessica
  2880 | D:3      | Noticed a phantom
  2919 | D:3      | Killed a phantom
  2920 | D:3      | Reached XP level 5. HP: 12/42 MP: 1/12
  3145 | D:3      | Learned a level 3 spell: Ozocubu's Armour
  3776 | D:3      | Reached XP level 6. HP: 28/51 MP: 7/14
  4273 | D:4      | Reached skill level 5 in Ice Magic
  4531 | D:4      | Reached XP level 7. HP: 55/58 MP: 9/16
  4892 | D:5      | Entered Level 5 of the Dungeon
  4908 | D:5      | Learned a level 4 spell: Hailstorm
  5143 | D:5      | Learned a level 3 spell: Spider Form
  5162 | D:5      | HP: 2/59 [ice beast (3)]
  5162 | D:5      | Mangled by an ice beast

Illustrated notes

Levels and vault maps discovered:
D:1:      roderic_chinese_lattice_arrival, layout_basic,
          chequers_ecumenical_altar_simple_redux
D:2:      layout_basic, minmay_misc_feat_iff, minmay_tromino_v4_b, uniq_jessica,
          uniq_natasha
D:3:      layout_basic, minmay_misc_feat_room, kennysheep_generic_room_13
D:4:      layout_rooms
D:5:      layout_basic, chequers_serial_rivers_marsh, uniq_eustachio

Skill      XL: |  1  2  3  4  5  6  7 |
---------------+----------------------+-----
Spellcasting   | 2 3 4 |  4.2
Fighting       | 1 2 3 4 |  4.0
Ice Magic      | 4 5 |  5.5
Dodging        | 2 3 |  3.0
Stealth        | |  1.7

Action                   |  1- 3 |  4- 6 |  7- 9 || total
-------------------------+-------+-------+-------++-------
Melee: Dagger            |    20 |   111 |     5 ||   136
       Hand axe          |       |       |    11 ||    11
Throw: Dart              |     3 |     4 |     2 ||     9
       Stone             |       |       |     3 ||     3
 Cast: Freeze            |    66 |    43 |     6 ||   115
       Frozen Ramparts   |     1 |    15 |     4 ||    20
       Ozocubu's Armour  |       |     3 |     1 ||     4
Evoke: Wand              |       |     4 |       ||     4
  Use: Scroll            |       |     2 |       ||     2
 Stab: Sleeping          |     1 |     1 |     1 ||     3
Armor: Robe              |    14 |    36 |     8 ||    58
Dodge: Dodged            |    76 |    82 |    16 ||   174
